General information
	        
			
        
        - name: BNet
 
        - type: Ladder 1vs1/FFA
 
        - host: Battle.net
 
        - saver: BRAUMS
 
        
map: SecretValley 
        - players: 2
 
        - length: 21:40
 
        - speed: Fast
 - version: 1.22 W3XP
 - replay type:  Public
 
» download(92 KB)
Players
        team 1 (loser) 
              
              
» 
BRAUMS (
teal | 140 APM | 3035 actions | 21:40)
              
 4 Paladin 
 2 Holy Light
 2 Devotion Aura
 2 Blood Mage 
 1 Siphon Mana
 1 Flame Strike
 
                » actions 
                
                | Assign group hotkey | 31 |  | 
| Basic commands | 216 |  | 
| Build / train | 73 |  | 
| ESC pressed | 1 |  | 
| Enter build submenu | 24 |  | 
| Enter hero's abilities submenu | 6 |  | 
| Give item / drop item | 1 |  | 
| Right click | 1416 |  | 
| Select / deselect | 729 |  | 
| Select group hotkey | 435 |  | 
| Use ability | 101 |  | 
                3035 total
 » units 
                
                | Peasant | 6 |  | 
| Footman | 10 |  | 
| Spell Breaker | 2 |  | 
| Priest | 4 |  | 
| Rifleman | 5 |  | 
| Mortar Team | 3 |  | 
| Gryphon Rider | 2 |  | 
                32 total
 » upgrades
                
                | Priest Training | 2 |  | 
| Masonry | 1 |  | 
| Gunpowder | 1 |  | 
| Long Rifles | 1 |  | 
| Fragmentation Shards | 1 |  | 
| Storm Hammers | 1 |  | 
                7 total
 » buildings
                
                | Altar of Kings | 1 |  | 
| Farm | 9 |  | 
| Barracks | 1 |  | 
| Lumber Mill | 1 |  | 
| Scout Tower | 1 |  | 
| Arcane Tower | 1 |  | 
| Arcane Vault | 1 |  | 
| Keep | 1 |  | 
| Blacksmith | 1 |  | 
| Arcane Sanctum | 1 |  | 
| Workshop | 1 |  | 
| Castle | 1 |  | 
| Gryphon Aviary | 1 |  | 
                21 total
 » build order
                00:03 Altar of Kings
00:05 Farm
00:23 Farm
00:41 Barracks
01:32 Lumber Mill
01:49 Scout Tower
02:20 Farm
02:21 Arcane Tower
02:41 Arcane Vault
03:05 Farm
03:39 Keep
04:21 Blacksmith
06:39 Arcane Sanctum
07:43 Farm
09:15 Workshop
10:30 Farm
12:46 Castle
14:14 Farm
15:28 Gryphon Aviary
17:03 Farm
17:04 Farm
» items
                
                | Scroll of Town Portal | 6 |  | 
| Potion of Healing | 5 |  | 
| Scroll of Regeneration | 5 |  | 
| Lesser Clarity Potion | 4 |  | 
| Potion of Mana | 1 |  | 
| Potion of Lesser Invulnerability | 1 |  | 
                22 total
  
               team 2 (winner) 
              
              
LiVEFasTDiEFuN (
purple | 88 APM | 1912 actions | 21:40)
              
 4 Mountain King 
 2 Storm Bolt
 2 Bash
 3 Paladin 
 2 Holy Light
 1 Divine Shield
 2 Archmage 
 1 Blizzard
 1 Brilliance Aura
 
                » actions 
                
                | Assign group hotkey | 4 |  | 
| Basic commands | 188 |  | 
| Build / train | 79 |  | 
| ESC pressed | 1 |  | 
| Enter build submenu | 26 |  | 
| Enter hero's abilities submenu | 10 |  | 
| Give item / drop item | 7 |  | 
| Right click | 883 |  | 
| Select / deselect | 580 |  | 
| Select group hotkey | 7 |  | 
| Use ability | 127 |  | 
                1912 total
 » units 
                
                | Peasant | 8 |  | 
| Footman | 9 |  | 
| Spell Breaker | 4 |  | 
| Sorceress | 3 |  | 
| Rifleman | 7 |  | 
| Knight | 2 |  | 
| Gryphon Rider | 3 |  | 
                36 total
 » upgrades
                
                | Sorceress Training | 1 |  | 
| Animal War Training | 1 |  | 
| Storm Hammers | 1 |  | 
| Lumber Harvesting | 1 |  | 
                4 total
 » buildings
                
                | Altar of Kings | 1 |  | 
| Barracks | 1 |  | 
| Farm | 9 |  | 
| Scout Tower | 2 |  | 
| Arcane Tower | 1 |  | 
| Lumber Mill | 1 |  | 
| Arcane Vault | 1 |  | 
| Keep | 2 |  | 
| Blacksmith | 1 |  | 
| Arcane Sanctum | 2 |  | 
| Castle | 1 |  | 
| Guard Tower | 3 |  | 
| Gryphon Aviary | 1 |  | 
| Town Hall | 1 |  | 
                27 total
 » build order
                00:07 Altar of Kings
00:18 Barracks
00:33 Farm
00:48 Farm
01:34 Farm
01:43 Scout Tower
02:00 Farm
02:20 Arcane Tower
02:57 Lumber Mill
03:13 Arcane Vault
04:20 Keep
04:21 Keep
05:13 Farm
06:12 Blacksmith
06:47 Arcane Sanctum
06:49 Arcane Sanctum
10:08 Castle
10:59 Farm
11:00 Farm
11:05 Scout Tower
14:16 Guard Tower
14:16 Guard Tower
14:16 Guard Tower
15:00 Gryphon Aviary
16:10 Town Hall
16:26 Farm
18:52 Farm
» items
                
                | Scroll of Regeneration | 4 |  | 
| Lesser Clarity Potion | 4 |  | 
| Scroll of Town Portal | 1 |  | 
| Potion of Healing | 2 |  | 
| Potion of Mana | 1 |  | 
| Staff of Sanctuary | 1 |  | 
| Scroll of Healing | 1 |  | 
| Scroll of Protection | 1 |  | 
| Potion of Lesser Invulnerability | 1 |  | 
                16 total
  
                Chat log
          
(20:05 / All) LiVEFasTDiEFuN: GGL?